 Dungeon Crawl Stone Soup version 0.24-a0-434-gd57e52fea8 (webtiles) character file.

Game seed: 6624037025848338227

86 Gargoyl the Skirmisher (level 4, -4/60 HPs)
             Began as a Centaur Abyssal Knight on June 16, 2019.
             Was a Follower of Lugonu.
             Slain by a black bear (8 damage)
             ... on level 3 of the Dungeon.
             The game lasted 00:03:47 (2499 turns).

Gargoyl the Skirmisher (Centaur Abyssal Knight)     Turns: 2499, Time: 00:03:48

Health: -4/60      AC: 22    Str: 14    XL:     4   Next: 27%
Magic:  5/5        EV:  1    Int: 11    God:    Lugonu [*.....]
Gold:   96         SH:  0    Dex: 10    Spells: 3/3 levels left

rFire    . . .     SeeInvis .   a - +2 hand axe
rCold    . . .     Gourm    .   (no shield)
rNeg     + + +     Faith    .   (armour currently unavailable)
rPois    +         Spirit   .   (helmet currently unavailable)
rElec    .         Reflect  .   (cloak currently unavailable)
rCorr    .         Harm     .   (gloves currently unavailable)
MR       .....     NoTele   +   (no barding)
Stlth    +.........             l - amulet of rage
HPRegen  0.20/turn              e - +4 ring of evasion
MPRegen  0.09/turn              m - ring of poison resistance

@: tree-form
A: large
a: Depart the Abyss, Renounce Religion, Evoke Berserk Rage


You were on level 3 of the Dungeon.
You worshipped Lugonu.
Lugonu was aware of your devotion.
You were hungry.
You were a tree.
You visited 1 branch of the dungeon, and saw 3 of its levels.
You visited the Abyss 1 time.

You collected 96 gold pieces.

Inventory:

Hand Weapons
 a - a +2 hand axe (weapon)
Armour
 b - a +1 leather armour (melded)
Jewellery
 e - a +4 ring of evasion (left branch)
 l - an amulet of rage (around neck)
 m - a ring of poison resistance (right branch)
Scrolls
 f - 2 scrolls of teleportation
 j - a scroll of identify
 k - a scroll of remove curse
Potions
 h - a potion of brilliance
 i - 2 potions of curing {unknown}
 n - a potion of cancellation {unknown}
 o - a potion of agility {unknown}
Comestibles
 c - 6 rations


   Skills:
 + Level 3.7 Fighting
 + Level 2.4 Axes
 * Level 2.0 Armour
 * Level 1.2 Dodging
 * Level 2.5 Invocations


You had 3 spell levels left.
You didn't know any spells.
Your spell library was empty.

Dungeon Overview and Level Annotations

Branches:
Dungeon (3/15)

Altars:
Okawaru


Innate Abilities, Weirdness & Mutations

((You have hooves in place of feet.))
((Armour fits poorly on your strangely shaped body.))
((You cover ground very quickly.))
((You have extremely tough skin. (AC +3)))


Message History

The black bear is almost dead.
The black bear bites you but does no damage.
The black bear claws you but does no damage.
The black bear barely misses you.
The black bear bites you but does no damage.
The black bear claws you but does no damage. x2
You hit the black bear.
The black bear is almost dead.
The black bear bites you but does no damage.
The black bear claws you but does no damage.
The black bear claws you.
* * * LOW HITPOINT WARNING * * *
Unknown command.
You barely miss the black bear.
The black bear is almost dead.
The black bear bites you.
* * * LOW HITPOINT WARNING * * *
The black bear claws you but does no damage.
The black bear barely misses you. The black bear bites you!
You die...

#......#
#......#
#.###..#
#.# .># #.#
### #g# #l#
#h######.#
##♣.......#
#....######
#....#
#....#
#....#
######....#
..........#
####.....#
#.†...#


You could see a black bear (berserk), a hobgoblin and a frilled lizard.

Vanquished Creatures
  3 adders
  3 worms (D:2)
  3 leopard geckos
  5 orcs (D:3)
  A ball python (D:2)
  3 bats
  3 giant cockroaches
  5 goblins
  2 hobgoblins
  9 kobolds
  2 frilled lizards
  4 rats
43 creatures vanquished.

Notes
Turn   | Place    | Note
-------+----------+-------------------------------------------
     0 | Abyss:1  | Gargoyl the Centaur Abyssal Knight began the quest for the
                  | Orb.
     0 | Abyss:1  | Reached XP level 1. HP: 19/19 MP: 2/2
    78 | Abyss:1  | Noticed a large abomination
   129 | Abyss:3  | Noticed a shadow
   176 | Abyss:3  | Noticed a starcursed mass
   181 | D:1      | Escaped the Abyss
   621 | D:1      | Reached XP level 2. HP: 26/26 MP: 3/3
   677 | D:1      | Reached skill level 1 in Dodging
  1244 | D:2      | Reached * piety under Lugonu
  1252 | D:2      | Reached XP level 3. HP: 26/31 MP: 4/4
  2118 | D:2      | Found an iron altar of Okawaru.
  2285 | D:3      | Reached XP level 4. HP: 40/40 MP: 5/5
  2467 | D:3      | Noticed a black bear
  2499 | D:3      | Slain by a black bear

Levels and vault maps discovered:
D:1:      sevenhm_arrival_forest_fort_small_3, layout_basic,
          chequers_serial_rivers_micro_a, due_unseen_surprise
D:2:      layout_loops_cross, okawaru_trees_2
D:3:      layout_basic, kennysheep_slug_shrine, lemuel_doored_altar,
          first_ration, minmay_statues_item, minmay_cut_off

Skill      XL: |  1  2  3  4 |
---------------+-------------+-----
Dodging        | 1 |  1.2
Axes           | 2 |  2.4
Armour         | 2 |  2.0
Fighting       | |  3.7
Invocations    | |  2.5

Action                   |  1- 3 |  4- 6 || total
-------------------------+-------+-------++-------
Melee: Hand axe          |   109 |    38 ||   147
       Kick              |    19 |     5 ||    24
Invok: Depart the Abyss  |     1 |       ||     1
  Use: Scroll            |     8 |     3 ||    11
       Potion            |       |     3 ||     3
  Eat: Chunk             |     3 |       ||     3
Armor: Leather armour    |    25 |    16 ||    41
       Skin              |       |    37 ||    37
Dodge: Dodged            |    73 |    33 ||   106

Table legend:
 A = Non-vault XP
 B = Vault XP
 C = Vault XP percentage of total XP
 D = Non-vault monster count
 E = Vault monster count
 F = Vault count percentage of total count
                 A         B        C        D         E       F
            +---------+---------+-------+---------+---------+-------
      Total |     124 |       0 |   0.0 |      43 |       0 |   0.0
            +---------+---------+-------+---------+---------+-------
        D:1 |      26 |       0 |   0.0 |      15 |       0 |   0.0
        D:2 |      51 |       0 |   0.0 |      18 |       0 |   0.0
        D:3 |      47 |       0 |   0.0 |      10 |       0 |   0.0
            +---------+---------+-------+---------+---------+-------
